 Dungeon Sprint DCSS version 0.30-a0-1160-g6e42c06551 (webtiles) character file.

Game seed: 14170885942429611559

638 BigDaddyOpFi the Cleaver (level 7, -9/72 HPs)
             Began as a Hill Orc Fighter on Apr 25, 2023.
             Mangled by a boulder beetle (18 damage)
             ... in the Dungeon (Sprint II: "The Violet Keep of Menkaure").
             The game lasted 00:00:49 (559 turns).

BigDaddyOpFi the Cleaver (Hill Orc Fighter)          Turns: 559, Time: 00:00:50

Health: -9/72      AC:  8    Str: 21    XL:     7   Next: 50%
Magic:  7/7        EV:  9    Int:  8    God:
Gold:   486        SH:  6    Dex: 10    Spells: 6/6 levels left

rFire   . . .        a - +0 war axe
rCold   . . .        c - +0 buckler
rNeg    . . .        b - +0 scale mail
rPois   .            (no helmet)
rElec   .            (no cloak)
rCorr   .            (no gloves)
SInv    .            (no boots)
Will    .....        (no amulet) Stlth
                     (no ring)
HPRegen 0.32/turn    (no ring)
MPRegen 0.10/turn

%: no teleportation
@: hasted, very quick
A: no striking features
a: no special abilities


You were in the Dungeon.
You visited 1 branch You collected 486 gold pieces.

Inventory:

Hand Weapons
 a - a +0 war axe (weapon)
Armour
 b - a +0 scale mail (worn)
 c - a +0 buckler (worn)
Scrolls
 j - a scroll of blinking
Potions
 h - 2 potions of magic


   Skills:
 + Level 10.2 Fighting
 + Level 10.6 Axes
 + Level 9.3 Armour
 + Level 9.3 Shields


You had 6 spell levels left.
You didn't know any spells.
Your spell library was empty.

Dungeon Overview and Level Annotations

Branches:
Dungeon (1/1)

Altars:

Shops:
D :


Message History

You slash the boulder beetle!
The boulder beetle is lightly wounded.
The boulder beetle bites you!
You slash the boulder beetle!
The boulder beetle is moderately wounded.
You hit the boulder beetle but do no damage.
The boulder beetle is moderately wounded.
The boulder beetle bites you.
You hit the boulder beetle but do no damage.
The boulder beetle is moderately wounded.
The boulder beetle leaps!
There is an open door here.
You slash the boulder beetle!
The boulder beetle is lightly wounded.
The boulder beetle bites you!
You hit the boulder beetle.
The boulder beetle is lightly wounded.
You block the boulder beetle's attack.
You hit the boulder beetle.
The boulder beetle is moderately wounded.
You hit the boulder beetle but do no damage.
The boulder beetle is moderately wounded.
The boulder beetle bites you!
You hit the boulder beetle but do no damage.
The boulder beetle is lightly wounded.
The boulder beetle leaps!
You hit the boulder beetle.
The boulder beetle is moderately wounded.
You slash the boulder beetle!
The boulder beetle is heavily wounded.
The boulder beetle leaps!
The boulder beetle bites you!!
* * * LOW HITPOINT WARNING * * *
You hit the boulder beetle but do no damage.
The boulder beetle is heavily wounded.
The boulder beetle leaps!
Unknown command.
You see here 243 gold pieces.
You now have 486 gold pieces (gained 243).
The boulder beetle bites you!!
You die...

## ## ##. .## #..
..# ∩ ####.#.# ##
..# ##.###+# #.##
..#~#...##.##...#
+~'.#.+.<.B###+
#.).##.##@B.#
##.###+###.## ###
##


You could see 2 boulder beetles.

Vanquished Creatures
  A merfolk siren (D)
  Menkaure (D)
  4 necrophages (D)
6 creatures vanquished.

Vanquished Creatures (others)
  A water moccasin (D)
1 creature vanquished.

Grand Total: 7 creatures vanquished

Notes
Turn   | Place    | Note
-------+----------+-------------------------------------------
     0 | D        | BigDaddyOpFi the Hill Orc Fighter began the quest for the
                  | Orb.
     0 | D        | Reached XP level 1. HP: 19/19 MP: 1/1
     1 | D        | Noticed a merfolk siren
    22 | D        | Killed a merfolk siren
    23 | D        | Reached XP level 2. HP: 20/36 MP: 2/2
    23 | D        | Reached XP level 3. HP: 23/41 MP: 3/3
    23 | D        | Reached XP level 4. HP: 27/49 MP: 4/4
    23 | D        | Reached XP level 5. HP: 31/56 MP: 5/5
    23 | D        | Reached XP level 6. HP: 34/62 MP: 6/6
   174 | D        | Reached XP level 7. HP: 50/70 MP: 7/7
   179 | D        | Reached skill level 10 in Axes
   190 | D        | Noticed Menkaure
   193 | D        | Found Ynaxuobb's Book Emporium.
   200 | D        | Killed Menkaure
   201 | D        | Reached skill level 10 in Fighting
   542 | D        | Noticed a boulder beetle
   542 | D        | Noticed a boulder beetle
   559 | D        | Mangled by a boulder beetle

Illustrated notes

Levels and vault maps discovered:
D:        the_violet_keep_of_menkaure [sprint2_stairs_cluster_1,
          sprint2_shoproom, sprint2_temple, sprint2_basic_supplies,
          sprint2_obstacle_5, sprint2_obstacle_2, sprint2_obstacle_3,
          sprint2_obstacle_6, sprint2_obstacle_4, sprint2_timed_cluster_1,
          sprint2_smallroom_cluster_1, sprint2_smallroom_final_cluster_1,
          sprint2_transparent_cluster_1, sprint2_second_timed_cluster_1,
          sprint2_sniper_area_1, sprint2_heavy_combat_area_1,
          sprint2_mutation_trap_area_1, sprint2_forest_area_1,
          sprint2_light_combat_area_1, sprint2_behind_water_1,
          sprint2_near_end_vault_1]

Skill      XL: |  1  2  3  4  5  6  7 |
---------------+----------------------+-----
Fighting       | 8 9 10 | 10.2
Axes           | 9 10 | 10.6
Armour         | 8 9 |  9.3
Shields        | 8 9 |  9.3

Action                     |  1- 3 |  4- 6 |  7- 9 || total
---------------------------+-------+-------+-------++-------
  Melee: War axe           |    16 |    17 |    28 ||    61
    Use: Potion            |     3 |       |     2 ||     5
 Armour: Scale mail        |       |     9 |     3 ||    12
  Dodge: Dodged            |     1 |     2 |     3 ||     6
  Block: Buckler           |       |     3 |     2 ||     5

Table legend: (Time is in decaauts)
 A = Elapsed time spent in this place.
 B = Non-inter-level travel time spent in this place.
 C = Inter-level travel time spent in this place.
 D = Time resting spent in this place.
 E = Time spent auto-exploring this place.
 F = Levels seen in this place.
 G = Mean time per level.
                   A        B        C        D        E       F      G
               +--------+--------+--------+--------+--------+-----+--------+
         Total |    568 |    568 |      0 |    465 |      0 |   1 |  568.0 |
       Dungeon |    568 |    568 |      0 |    465 |      0 |   1 |  568.0 |
               +--------+--------+--------+--------+--------+-----+--------+

Top non-repeatable levels by time:
       D: 568 daAuts
